 Dungeon Crawl Stone Soup version 0.30.1-4-g462c640d31 (webtiles) character file.

Game seed: 14555469020373570394

165 growler the Trooper (level 5, 25/44 HPs)
             Began as a Demonspawn Gladiator on Aug 15, 2023.
             Quit the game on level 5 of the Dungeon.
             The game lasted 00:04:29 (2050 turns).

growler the Trooper (Demonspawn Gladiator)          Turns: 2050, Time: 00:04:30

Health: 25/44      AC:  4    Str: 12 (14) XL:     5   Next: 22%
Magic:  5/5        EV: 12    Int: 12      God:
Gold:   128        SH:  0    Dex: 14      Spells: 4/4 levels left

rFire   . . .        a - +0 war axe
rCold   . . .        (no shield)
rNeg    . . .        b - +0 leather armour
rPois   .            c - +0 helmet
rElec   .            (no cloak)
rCorr   .            (no gloves)
SInv    .            (no boots)
Will    .....        (no amulet)
Stlth   +            (no ring)
HPRegen 0.27/turn    (no ring)
MPRegen 0.18/turn

%: no passive effects
@: no status effects
A: magic regeneration, weakness stinger 1
a: no special abilities


You were on level 5 of the Dungeon.
You visited 1 branch of the dungeon, and saw 4 of its levels.

You collected 128 gold pieces.

Inventory:

Hand Weapons
 a - a +0 war axe (weapon)
Missiles
 d - 5 throwing nets (quivered)
 e - a javelin
Armour
 b - a +0 leather armour (worn)
 c - a +0 helmet (worn)
 g - a +2 buckler
Jewellery
 l - a ring of wizardry
Scrolls
 h - 6 scrolls of identify {unknown}
 i - a scroll of poison {unknown}
 j - a scroll of enchant weapon {unknown}
 k - a scroll of fog {unknown}
 p - a scroll of vulnerability {unknown}
 q - 2 scrolls of teleportation {unknown}
 r - a scroll of brand weapon {unknown}
 s - a scroll of enchant armour {unknown}
Potions
 f - 2 potions of degeneration
 m - 2 potions of curing
 n - a potion of flight {unknown}
 o - a potion of mutation {unknown}


   Skills:
 + Level 5.5 Fighting
 - Level 2.6 Axes
 - Level 1.7 Throwing
 - Level 2.6 Dodging


You had 4 spell levels left.
You didn't know any spells.
Your spell library contained the following spells:

 Spells                   Type           Power      Damage    Failure   Level
 Sting                    Tmut/Pois      0%         1d3       38%         1
 Poisonous Vapours        Pois/Air       0%         N/A       54%         2
 Portal Projectile        Hex/Tloc       0%         N/A       77%         3
 Tukima's Dance           Hex            0%         N/A       77%         3
 Vhi's Electric Charge    Tloc/Air       0%         N/A       77%         3
 Olgreb's Toxic Radiance  Pois           0%         N/A       99%         4
 Arcjolt                  Conj/Air       0%         1d10      100%        5
 Blade Hands              Tmut           0%         N/A       100%        5
 Plasma Beam              Fire/Air       0%         2x1d11    100%        6


Dungeon Overview and Level Annotations

Branches:
Dungeon (5/15)
 Temple: D:4-7

Altars:


Innate Abilities, Weirdness & Mutations

You regenerate magic rapidly.
You have a small tail.


Message History

The howler monkey hits you. The howler monkey closely misses you.
You hit the howler monkey.
The howler monkey is moderately wounded.
The howler monkey hits you.
You hit the howler monkey but do no damage.
The howler monkey is moderately wounded.
The howler monkey hits you! The howler monkey barely misses you.
You barely miss the howler monkey.
The howler monkey is moderately wounded.
The howler monkey hits you.
A rat comes into view.
The howler monkey barely misses you.
You closely miss the howler monkey.
The howler monkey is moderately wounded.
The howler monkey hoots and howls with incredible vigour!
The howler monkey misses you.
You hear an angry hiss.
You closely miss the howler monkey.
The howler monkey is moderately wounded.
The howler monkey hits you.
You barely miss the howler monkey.
The howler monkey is moderately wounded.
The howler monkey misses you. x2
You closely miss the howler monkey.
The howler monkey is moderately wounded.
The howler monkey hoots and howls with incredible vigour!
You hear an angry hiss.
You slash the howler monkey!
The howler monkey is almost dead.
The howler monkey completely misses you.
The howler monkey closely misses you. The rat bites you but does no damage.
You slash the howler monkey!
You kill the howler monkey!
You hit the rat.
You kill the rat!
You feel your strength returning.
You have reached level 5!
Your demonic ancestry asserts itself...
You grow a small tail.
Are you sure you want to abandon this character and quit the game? (Confirm with "yes".)

#. .#. #.#.##..
#.#....#
#.#....###
#......'.
####......#####
......†........
#..@## #....#
#....# ####.#
#.# #.# #.# #.#
#.#


There were no monsters in sight!

Vanquished Creatures
  A scorpion (D:4)
  A howler monkey (D:5)
  Robin (D:2)
  2 dart slugs (D:4)
  4 orcs (D:4)
  6 ball pythons
  4 endoplasms (D:1)
  2 giant cockroaches
  9 goblins
  4 hobgoblins
  6 jackals
  A quokka (D:1)
  3 bats (D:1)
  2 kobolds
  2 rats
48 creatures vanquished.

Notes
Turn   | Place    | Note
-------+----------+-------------------------------------------
     0 | D:1      | growler the Demonspawn Gladiator began the quest for the
                  | Orb.
     0 | D:1      | Reached XP level 1. HP: 16/16 MP: 1/1
   180 | D:1      | Gained mutation: You regenerate magic rapidly. [demonic
                  | ancestry]
   180 | D:1      | Reached XP level 2. HP: 15/23 MP: 2/2
   426 | D:1      | Reached skill level 3 in Fighting
  1107 | D:2      | Noticed Robin
  1114 | D:2      | Reached XP level 3. HP: 22/29 MP: 3/3
  1118 | D:2      | Killed Robin
  1364 | D:2      | You fall into a shaft and drop 2 floors!
  1378 | D:4      | Noticed a scorpion
  1395 | D:4      | Killed a scorpion
  1396 | D:4      | Reached skill level 4 in Fighting
  1396 | D:4      | Reached XP level 4. HP: 14/38 MP: 4/4
  1659 | D:4      | Reached skill level 5 in Fighting
  2014 | D:5      | Entered Level 5 of the Dungeon
  2050 | D:5      | Gained mutation: You have a small tail. [demonic ancestry]
  2050 | D:5      | Reached XP level 5. HP: 25/44 MP: 5/5
  2050 | D:5      | Quit the game

Illustrated notes

Levels and vault maps discovered:
D:1:      minmay_arrival_stair_chambers, layout_basic
D:2:      layout_loops_ring, basic_altar, uniq_robin
D:4:      layout_cave_pools
D:5:      layout_basic, nicolae_overflow_hallway_of_the_gods,
          minmay_temple_entry_proselytizer, lightli_sewer_entry_pipes

Skill      XL: |  1  2  3  4 |
---------------+-------------+-----
Fighting       | 3 4 5 |  5.5
Axes           | |  2.6
Throwing       | |  1.7
Dodging        | |  2.6

Action                     |  1- 3 |  4- 6 || total
---------------------------+-------+-------++-------
  Melee: War axe           |    89 |    44 ||   133
         Punch             |       |     1 ||     1
  Throw: Throwing net      |     1 |       ||     1
    Use: Potion            |     2 |       ||     2
 Armour: Leather armour    |    32 |    15 ||    47
  Dodge: Dodged            |    82 |    47 ||   129
